 Dungeon Crawl Stone Soup version 0.15-a0-258-g027b8cd (webtiles) character file.

5017 PolkaDot the Jinx (level 10, -3/63 HPs)
             Began as a Vampire Enchanter on Apr 27, 2014.
             Was a Believer of Ashenzari.
             Slain by an orc warrior
             ... wielding a +0,+0 war axe
              (11 damage)
             ... on Level 9 of the Dungeon.
             The game lasted 00:53:06 (9301 turns).

PolkaDot the Jinx (Vampire Enchanter)               Turns: 9301, Time: 00:53:06

HP  -3/63        AC  7     Str  7      XL: 10   Next: 11%
MP  13/21        EV 15     Int 17      God: Ashenzari [**....]
Gold 726         SH  0     Dex 17      Spells:  6 memorised,  3 levels left

rFire  . . .     SeeInvis +     a - +1,+4 dagger (curse)
rCold  + + .     Clarity  .     p - +0 leather armour {MR+} (curse)
rNeg   + + +     Conserve .     (no shield)
rPois  +         rCorr    .     G - +0 helmet
rElec  .         rRot     +     (no cloak)
SustAb . .       Spirit   .     (no gloves)
rMut   .         Warding  .     f - +1 pair of boots (curse)
Saprov . . .     Stasis   .     (no amulet)
MR     ++...                    i - cursed ring of hunger
                                m - cursed +4 ring of evasion

@: non-regenerating, very resistant to hostile enchantments, extremely stealthy
A: bottle blood, fangs 3, see invisible, unbreathing
a: Bat Form, Bottle Blood, Renounce Religion


You were on level 9 of the Dungeon.
You worshipped Ashenzari.
Ashenzari was pleased with you.
You were bloodless.

You visited 2 branches of the dungeon, and saw 10 of its levels.
You also visited: Sewer.

You collected 726 gold pieces.

Inventory:

Hand weapons
 a - a cursed +1,+4 dagger (weapon)
Missiles
 d - 8 darts (quivered)
Armour
 f - a cursed +1 pair of boots (worn)
 p - a cursed +0 leather armour of magic resistance (worn)
 G - a +0 helmet (worn)
Magical devices
 g - a wand of fireball (3)
 v - a wand of teleportation (4) {unknown}
 y - a wand of digging (10)
 F - a wand of flame (10) {unknown}
 H - a wand of disintegration (13)
Scrolls
 b - 4 scrolls of magic mapping
 e - 2 scrolls of enchant armour
 j - a scroll of immolation
 l - a scroll of amnesia
 q - 3 scrolls of recharging
 x - 2 scrolls of fog
 B - 3 scrolls of remove curse
 D - 2 scrolls of enchant weapon II
Jewellery
 i - a cursed ring of hunger (right hand)
 m - a cursed +4 ring of evasion (left hand)
 r - an uncursed ring of poison resistance
Potions
 h - a potion of flight
 k - 3 potions of brilliance
 n - 2 potions of poison {unknown}
 o - 3 potions of haste
 s - 2 potions of lignification
 t - 4 potions of heal wounds
 u - 2 potions of might
 w - a potion of invisibility {unknown}
 z - 2 potions of curing
 A - a potion of degeneration {unknown}
 C - a potion of restore abilities {unknown}
Books
 c - a book of Maledictions

   Spells                             Type                      Level
   *Corona                            Hexes                        1
   *Sure Blade                        Hexes/Charms                 2
   *Ensorcelled Hibernation           Hexes/Ice                    2
   *Confuse                           Hexes                        3
   *Dazzling Spray                    Conjuration/Hexes            3
   *Enslavement                       Hexes                        4
 E - a book of Beasts

   Spells                             Type                      Level
   Summon Butterflies                 Summoning                    1
   Call Canine Familiar               Summoning                    3
   Summon Ice Beast                   Ice/Summoning                4
   Summon Mana Viper                  Hexes/Summoning              5
   Monstrous Menagerie                Summoning                    6
   Summon Hydra                       Summoning                    7


   Skills:
 - Level 3.7(5.8) Short Blades
 - Level 0.7 Throwing
 + Level 6.6 Armour
 - Level 2.1 Dodging
 + Level 11.5 Stealth
 - Level 4.7 Spellcasting
 * Level 11.9(13.2) Hexes


You had 3 spell levels left.
You knew the following spells:

 Your Spells              Type           Power        Failure   Level  Hunger
a - Corona                Hex            #####..      1%          1    None
b - Sure Blade            Hex/Chrm       ####......   1%          2    #......
c - Confuse               Hex            #####...     1%          3    ###....
d - Ensorcelled Hibernat  Hex/Ice        ####..       1%          2    #......
e - Enslavement           Hex            #####...     1%          4    ####...
s - Dazzling Spray        Conj/Hex       ####....     3%          3    ###....


Dungeon Overview and Level Annotations

Branches:
Dungeon (9/15)             Temple (1/1) D:4
    Orc: D:9-12        Lair: D:8-11

Altars:
Ashenzari
Cheibriados
Dithmenos
Elyvilon
Fedhas
Kikubaaqudgha
Makhleb
Nemelex Xobeh
Okawaru
Sif Muna
Trog
Vehumet
Xom
Yredelemnul
Zin
The Shining One

Shops:
D:4 *


Innate Abilities, Weirdness & Mutations

You do not heal naturally.
You can bottle blood from corpses.
You have razor-sharp teeth.*
You have supernaturally acute eyesight.
You can survive without breathing.*


Message History

Okay, then.
Read which item? (? for menu, Esc to quit)
Okay, then.
The orc warrior is no longer blind.
The orc warrior barely misses you.
The orc wizard mumbles some strange words.
You feel troubled.
Read which item? (? for menu, Esc to quit)
Okay, then.
Drink which item? (? for menu, Esc to quit)
Okay, then.
The orc priest's eyes start to glow.
Drink which item? (? for menu, Esc to quit)
You feel much better.
The orc wizard gestures at you while chanting.
The magic dart hits you!
* * * LOW HITPOINT WARNING * * *
The orc priest calls upon Beogh to heal the orc warrior.
The orc warrior is healed somewhat.
The orc warrior hits you with a war axe!
You die...

, ... * ......... *
* ........... , *
.............
............... ,
.............#.. *
, .............#./.
,
..................#
,, ,
........@T.......##
*
.......oo..........
.........o.≈≈≈≈≈≈≈.
,
........<..≈#####≈
.........))≈# , ≈,
, , * ,
..........≈#{∩, ,
..........≈#,,,
..........≈# ** ,
.........≈≈≈ * ,
.............,


You could see a troll, an orc warrior, an orc priest and an orc wizard.

Vanquished Creatures
  Pikel (D:7)
  A hippogriff (D:7)
  A necrophage (D:5)
  A hungry ghost (D:8)
  Menkaure (D:6)
  A black bear (D:6)
  4 orc warriors
  6 ogres
  A phantom (D:6)
  3 slaves (D:7)
  A centaur (D:5)
  A big kobold (D:7)
  Duvessa (D:5)
  4 giant frogs
  3 scorpions
  6 killer bees (D:7)
  5 wights (D:7)
  Dowan (D:5)
  A jelly (D:5)
  2 orc priests
  5 hounds
  A centaur skeleton (D:4)
  2 iguanas
  A black bear zombie (D:8)
  4 orc wizards
  3 worker ants
  11 gnolls
  19 adders
  A scorpion zombie (D:7)
  8 green rats
  A giant mite (D:7)
  A goliath beetle zombie (D:5)
  6 worms
  7 giant geckos
  2 oozes
  21 orcs
  15 bats
  6 giant cockroaches
  7 goblins
  14 hobgoblins
  5 jackals
  18 kobolds
  7 quokkas
  22 ball pythons
  A giant gecko zombie (D:5)
  9 giant newts
  A jackal zombie (D:8)
  A kobold skeleton (D:6)
  29 rats
  A rat skeleton (D:5)
  A plant (D:3)
275 creatures vanquished.

Vanquished Creatures (others)
  A slave (D:7)
  A crimson imp (D:7)
  A kobold (D:7)
3 creatures vanquished.

Grand Total: 278 creatures vanquished

Notes
Turn   | Place    | Note
--------------------------------------------------------------
     0 | D:1      | PolkaDot, the Vampire Enchanter, began the quest for the Orb.
     0 | D:1      | Reached XP level 1. HP: 13/13 MP: 3/3
   346 | D:1      | Reached XP level 2. HP: 19/19 MP: 4/4
   473 | D:1      | Learned a level 2 spell: Ensorcelled Hibernation
   536 | D:1      | Reached skill level 5 in Hexes
  1279 | D:2      | Reached XP level 3. HP: 24/24 MP: 0/6
  1403 | D:2      | Learned a level 3 spell: Confuse
  2149 | D:2      | Reached XP level 4. HP: 30/30 MP: 7/7
  2310 | D:3      | Reached skill level 6 in Hexes
  2972 | D:3      | Reached skill level 5 in Stealth
  3340 | D:3      | Reached XP level 5. HP: 35/35 MP: 6/9
  3595 | D:4      | Found a white marble altar of Elyvilon.
  3679 | D:4      | Noticed an ogre
  3686 | D:4      | Killed an ogre
  3686 | D:4      | Reached skill level 7 in Hexes
  3686 | D:4      | Reached XP level 6. HP: 41/41 MP: 10/10
  3694 | D:4      | Learned a level 3 spell: Dazzling Spray
  3713 | D:4      | Found Sykyodd's General Store.
  3941 | D:4      | Found a staircase to the Ecumenical Temple.
  3950 | Temple   | Entered the Ecumenical Temple
  3984 | Temple   | Became a worshipper of Ashenzari the Shackled
  4464 | D:5      | Entered Level 5 of the Dungeon
  4472 | D:5      | Reached skill level 8 in Hexes
  4472 | D:5      | Reached XP level 7. HP: 46/46 MP: 10/14
  4665 | D:5      | Noticed Dowan
  4693 | D:5      | Noticed Duvessa
  4713 | D:5      | Killed Duvessa
  4725 | D:5      | Killed Dowan
  4826 | D:5      | Learned a level 4 spell: Enslavement
  4957 | D:5      | Noticed a necrophage
  5059 | D:5      | Killed a necrophage
  5059 | D:5      | Reached skill level 9 in Hexes
  5059 | D:5      | Reached XP level 8. HP: 31/52 MP: 4/18
  5250 | D:5      | Found an iron altar of Okawaru.
  5251 | D:5      | Found a shimmering altar of Xom.
  5254 | D:5      | Found a sparkling altar of Nemelex Xobeh.
  5254 | D:5      | Found a glowing silver altar of Zin.
  5257 | D:5      | Found an ancient bone altar of Kikubaaqudgha.
  5257 | D:5      | Found a deep blue altar of Sif Muna.
  5257 | D:5      | Found a snail-covered altar of Cheibriados.
  5358 | D:6      | Learned a level 2 spell: Sure Blade
  5372 | D:6      | Reached skill level 1 in Armour
  5495 | D:6      | Found a glowing drain.
  5513 | Sewer    | Entered a sewer
  6933 | D:6      | Reached skill level 10 in Hexes
  7236 | D:6      | Noticed Menkaure
  7242 | D:6      | Killed Menkaure
  7432 | D:7      | Reached XP level 9. HP: 57/57 MP: 13/20
  7598 | D:7      | Noticed Pikel
  7602 | D:7      | Reached skill level 10 in Stealth
  7606 | D:7      | Killed Pikel
  7606 | D:7      | Reached skill level 5 in Armour
  7781 | D:7      | Acquired Ashenzari's first power
  7899 | D:7      | Reached skill level 11 in Hexes
  8795 | D:8      | Found a glowing golden altar of the Shining One.
  8893 | D:8      | Reached XP level 10. HP: 57/63 MP: 15/21
  9045 | D:8      | Found a shadowy altar of Dithmenos.
  9301 | D:9      | Slain by an orc warrior

Action                   |  1- 3 |  4- 6 |  7- 9 | 10-12 || total
-------------------------+-------+-------+-------+-------++-------
Melee: Dagger            |   125 |   231 |   309 |    29 ||   694
Throw: Dart              |    16 |       |       |       ||    16
 Cast: Corona            |     9 |       |     6 |     1 ||    16
       Ensorcelled Hiber |    16 |    38 |   122 |     3 ||   179
       Confuse           |     1 |       |    14 |     2 ||    17
       Dazzling Spray    |       |       |    23 |     5 ||    28
 Abil: End Transformatio |       |       |     4 |       ||     4
       Bat Form          |       |       |     4 |       ||     4
Evoke: Wand              |       |       |     3 |       ||     3
  Use: Scroll            |       |    16 |    16 |     1 ||    33
       Potion            |       |       |     3 |     1 ||     4
 Stab: Sleeping          |    17 |    45 |    95 |     6 ||   163
       Confused          |     1 |       |    13 |     2 ||    16
       Distracted        |       |     2 |     2 |       ||     4
       Invisible         |       |       |    12 |     5 ||    17
